 Dungeon Crawl Stone Soup version 0.30.1-9-gdf580d7c3d (webtiles) character file.

Game seed: 13376737845737041386

45 Ivernyr the Shield-Bearer (level 3, 0/30 HPs)
             Began as a Formicid Fighter on Oct 6, 2023.
             Slain by a quokka (2 damage)
             ... on level 2 of the Dungeon.
             The game lasted 00:02:01 (1000 turns).

Ivernyr the Shield-Bearer (Formicid Fighter)        Turns: 1000, Time: 00:02:02

Health: 0/30       AC:  6    Str: 20    XL:     3   Next: 90%
Magic:  3/3        EV:  9    Int:  7    God:
Gold:   23         SH:  5    Dex: 15    Spells: 2/2 levels left

rFire   . . .        a - +0 long sword
rCold   . . .        c - +0 buckler
rNeg    . . .        b - +0 scale mail
rPois   .            (helmet unavailable)
rElec   .            (no cloak)
rCorr   .            (no gloves)
SInv    +            (no boots)
Will    .....        h - amulet of the acrobat Stlth
                     (no ring)
HPRegen 0.25/turn    (no ring)
MPRegen 0.08/turn

%: acrobat
@: no status effects
A: permanent stasis, dig shafts and tunnels, antennae 3, four strong arms
a: Dig, Shaft Self


You were on level 2 of the Dungeon.
You visited 1 branch of the dungeon, and saw 2 of its levels.

You collected 23 gold pieces.

Inventory:

Hand Weapons
 a - a +0 long sword (weapon)
Armour
 b - a +0 scale mail (worn)
 c - a +0 buckler (worn)
Jewellery
 h - an amulet of the acrobat (around neck)
Scrolls
 f - a scroll of noise {unknown}
 g - a scroll of enchant armour {unknown}
 k - a scroll of identify {unknown}
 m - a scroll of teleportation {unknown}
Potions
 d - 2 potions of might
 e - a potion of brilliance {unknown}
 i - 2 potions of lignification {unknown}
 j - a potion of invisibility {unknown}
 l - 3 potions of curing {unknown}


   Skills:
 + Level 3.6 Fighting
 * Level 2.9 Long Blades
 + Level 3.6 Armour
 + Level 4.4 Shields


You had 2 spell levels left.
You didn't know any spells.
Your spell library was empty.

Dungeon Overview and Level Annotations

Branches:
Dungeon (2/15)

Altars:

Shops:
D:1 [


Innate Abilities, Weirdness & Mutations

You cannot be hasted, slowed, berserked, paralysed or teleported.
You can dig through walls and to a lower floor.
You have a pair of large antennae on your head. (SInv)
Your four strong arms can wield two-handed weapons with a shield.


Message History

The worm is heavily wounded.
A quokka comes into view.
The worm bites you but does no damage.
You hit the worm.
The worm is heavily wounded.
The worm barely misses you.
You hit the worm.
The worm is severely wounded.
A goblin comes into view. It is wielding a +0 dagger.
The goblin shouts!
You hit the worm.
The worm is severely wounded.
The worm bites you.
The goblin throws a stone.
You block the stone.
You barely miss the worm.
The worm is severely wounded.
The worm bites you but does no damage. You block the quokka's attack.
The goblin throws a stone.
The stone completely misses you.
The stone hits the worm.
You hit the worm.
You kill the worm!
The quokka bites you but does no damage.
You closely miss the hobgoblin.
The quokka bites you but does no damage.
You block the hobgoblin's attack. The quokka bites you.
* * * LOW HITPOINT WARNING * * *
The hobgoblin hits you with a staff of fire.
* * * LOW HITPOINT WARNING * * *
You closely miss the hobgoblin. The quokka barely misses you.
The hobgoblin hits you with a staff of fire.
* * * LOW HITPOINT WARNING * * *
You block the quokka's attack.
You hit the hobgoblin.
The hobgoblin is heavily wounded.
The quokka bites you.
* * * LOW HITPOINT WARNING * * *
The goblin hits you but does no damage. The hobgoblin barely misses you.
You slash the hobgoblin!
You kill the hobgoblin!
The quokka bites you.
You die...

......###.....####.#
......# #.....# ......#
###.### # #
....#######.######.###.#
.........##.##..........
....####.##.##..........
.#.............###...##
...........###.##g....#
.###.##.##.....|@r....#
.....## ######.##.....#
.##..#♣.♣ #.. ....##
†##..... ... ...##
....♣#♣.♣ ##....#.#
......... #.#..#.#
..##♣.♣.♣ ..#..# # .##
.. ## .# ..#


You could see a quokka and a goblin.

Vanquished Creatures
  An adder (D:2)
  A worm (D:2)
  A dart slug (D:2)
  5 ball pythons (D:1)
  2 endoplasms
  4 giant cockroaches
  4 goblins
  2 hobgoblins (D:2)
  2 bats (D:1)
  3 frilled lizards
  2 kobolds (D:1)
  5 rats
32 creatures vanquished.

Notes
Turn   | Place    | Note
-------+----------+-------------------------------------------
     0 | D:1      | Ivernyr the Formicid Fighter began the quest for the Orb.
     0 | D:1      | Reached XP level 1. HP: 18/18 MP: 1/1
   162 | D:1      | Reached XP level 2. HP: 24/24 MP: 2/2
   602 | D:1      | Found Tolleuc's Armour Shoppe.
   841 | D:2      | Reached XP level 3. HP: 29/29 MP: 3/3
  1000 | D:2      | Slain by a quokka

Illustrated notes

Levels and vault maps discovered:
D:1:      minmay_arrival_radiant_lines, layout_loops_corners, serial_shops,
          nicolae_shop_tiny_real_fake_doors
D:2:      layout_loops_ring, serial_forest, infiniplex_forest_end_2,
          infiniplex_forest_clump_tiny, infiniplex_forest_clump_C,
          infiniplex_forest_clump_tiny, infiniplex_forest_straight_1,
          infiniplex_forest_lined_corner, infiniplex_forest_straight_4,
          infiniplex_forest_lined_4_way, infiniplex_forest_clump_curved,
          serial_park_tiny_2

Action                     || total
---------------------------++-------
  Melee: Long sword        ||   101
 Armour: Scale mail        ||    41
  Dodge: Dodged            ||    48
  Block: Buckler           ||    37
